Wild vs Heat

Created - Saturday, February 20, 2016 at 03:25

Goals
1 2 3 OT1 SO T
Wild 0 1 0 0 0 1
Heat 0 1 0 0 2 2
Shots
1 2 3 OT1 SO T
Wild 9 12 6 3 2 30
Heat 6 8 7 7 2 28

1st period

No Goal

Penalties :
Steve Eminger (IOW) for Hooking (Minor) at 1:51, Tyson Strachan (STO) for Fighting (Major) at 10:17, Colin Stuart (IOW) for Fighting (Major) at 10:17

2nd period

1. Heat , Michael Ryder 8 (Michael Ferland) at 4:09
2. Wild , Dan Catenacci 7 (Michael Keranen) at 7:15 (PP)

Penalties :
Konrad Abeltshauser (STO) for Fighting (Major) at 0:16, Jon Landry (IOW) for Fighting (Major) at 0:16, Tyler Wotherspoon (STO) for Fighting (Major) at 3:16, Mike Moore (IOW) for Fighting (Major) at 3:16, Petter Granberg (STO) for Fighting (Major) at 4:31, Francis Wathier (IOW) for Fighting (Major) at 4:31, Corey Potter (STO) for Hooking (Minor) at 5:59, Petter Granberg (STO) for Fighting (Major) at 11:46, Jon Landry (IOW) for Fighting (Major) at 11:46, Tyler Wotherspoon (STO) for Fighting (Major) at 12:36, Mike Moore (IOW) for Fighting (Major) at 12:36, Tyson Strachan (STO) for Fighting (Major) at 13:18, Colin Stuart (IOW) for Fighting (Major) at 13:18, Max Reinhart (STO) for Slashing (Minor) at 14:44, Garrett Mitchell (IOW) for Hooking (Minor) at 19:59

3rd period

No Goal

Penalties :
Tyson Strachan (STO) for Fighting (Major / Game Misconduct) at 3:23, Jon Landry (IOW) for Fighting (Major / Game Misconduct) at 3:23, Tyson Strachan (STO) for instigated a fight (Minor) at 3:23, Tyson Strachan (STO) for instigated a fight (10 Minutes Misconduct) at 3:23

Overtime #1

No Goal

Penalties :
No Penalty

Shootout

Penalty Shot by Mark Van Guilder for Wild - Shot Misses the Net
Penalty Shot by Michael Ryder for Heat - Goal!
Penalty Shot by David Wolf for Wild - Stopped by Michael Leighton
Penalty Shot by Lucas Lessio for Heat - Goal!

Penalties :
No Penalty

Goalie Stats

Jussi Olkinuora (IOW), 27 saves from 28 shots - (0.964), OTL, 0-0-1, 65:00 minutes
Michael Leighton (STO), 29 saves from 30 shots - (0.967), W, 52-3-4, 65:00 minutes

Players Stats for Wild

Player Name              G  A  P  +/- PIM S  H  SB GA TA FO     MP     PP MP  PK MP  
------------------------------------------------------------------------------------
Alex Friesen             0  0  0   0  0   3  3  0  4  0  3/7    16:58   0:32   0:00 
Chris Summers            0  0  0  -1  0   0  0  1  0  2  0/0    24:37   2:43   0:42 
Colin Stuart             0  0  0  -1  10  1  2  0  0  0  0/0    12:13   0:00   0:00 
Dan Catenacci            1  0  1   0  0   5  4  0  4  1  1/3    20:42   2:38   1:32 
Danny Hobbs              0  0  0   0  0   1  1  0  1  0  0/0    13:15   0:00   0:00 
David Wolf               0  0  0  -1  0   3  2  1  9  1  9/13   22:44   2:36   2:26 
Devin Shore              0  0  0   0  0   1  0  0  1  0  2/7    11:19   0:00   0:35 
Francis Wathier          0  0  0   0  5   0  2  0  0  1  1/1    12:24   2:06   0:00 
Garrett Mitchell         0  0  0   0  2   1  1  0  0  1  0/0    10:00   0:00   0:00 
Henri Ikonen             0  0  0   0  0   0  0  0  0  1  0/0    14:25   0:00   0:00 
Jerome Leduc             0  0  0   0  0   3  0  1  0  4  0/0    23:15   0:02   1:17 
Jon Landry               0  0  0   0  25  1  1  1  0  1  0/0    13:02   1:16   0:42 
Julius Honka             0  0  0  -1  0   2  0  0  1  1  0/0    17:39   2:06   0:00 
Mark Van Guilder         0  0  0   0  0   0  0  1  3  0  14/18  20:56   2:36   2:26 
Michael Keranen          0  1  1   0  0   2  1  0  3  1  0/0    15:11   2:38   0:00 
Micheal Haley            0  0  0  -1  0   3  2  0  0  0  2/3    19:28   2:36   0:57 
Mike Moore               0  0  0   0  10  1  4  3  1  1  0/0    21:25   1:50   3:16 
Steve Eminger            0  0  0   0  2   3  0  1  0  1  0/0    26:19   2:31   1:59 

Players Stats for Heat

Player Name              G  A  P  +/- PIM S  H  SB GA TA FO     MP     PP MP  PK MP  
------------------------------------------------------------------------------------
Andre Burakovsky         0  0  0   0  0   2  1  0  6  1  1/1    19:14   2:06   0:00 
Corey Potter             0  0  0   1  2   4  4  2  1  0  0/0    25:53   1:56   3:00 
Eric Boulton             0  0  0   0  0   0  1  0  0  0  0/0    11:14   0:00   0:00 
Jason Garrison           0  0  0   0  0   3  3  2  0  2  0/0    30:29   1:56   3:35 
Johan Larsson            0  0  0   0  0   1  0  0  1  0  7/19   18:54   2:06   0:00 
Konrad Abeltshauser      0  0  0   0  5   4  2  1  1  0  0/0    18:51   0:00   1:36 
Lucas Lessio             0  0  0   0  0   0  2  2  0  0  0/0    17:11   2:06   0:00 
Matt Ellis               0  0  0   0  0   3  0  1  1  1  3/7    16:46   1:52   0:00 
Max Reinhart             0  0  0   1  2   0  2  0  0  1  4/13   14:02   0:00   1:38 
Michael Ferland          0  1  1   1  0   1  1  0  3  2  1/1    14:03   0:00   0:53 
Michael Ryder            1  0  1   1  0   1  1  2  4  1  0/0    15:08   0:00   2:43 
Petter Granberg          0  0  0   1  10  0  2  0  0  0  0/0    21:17   2:02   0:00 
Seth Griffith            0  0  0   0  0   6  0  0  1  1  0/2    16:56   1:52   0:00 
Simon Gagne              0  0  0   0  0   0  0  0  2  0  1/1    14:12   0:00   2:31 
Stephane Veilleux        0  0  0   0  0   0  3  0  0  0  0/0    14:21   1:52   0:00 
Tyler Pitlick            0  0  0   0  0   2  4  0  3  2  3/8    14:18   0:00   2:43 
Tyler Wotherspoon        0  0  0   0  10  1  2  0  0  0  0/0    19:27   0:00   1:01 
Tyson Strachan           0  0  0   0  37  0  2  1  0  1  0/0    12:20   2:02   1:16 

3 Stars

1 - Michael Leighton (STO)
2 - Jussi Olkinuora (IOW)
3 - Dan Catenacci (IOW)

Power Play

Wild - 1 on 3 Attempt(s) - 33.33%
Heat - 0 on 2 Attempt(s) - 0.00%

Penalty Kill

Wild - 2 on 2 Attempt(s) - 100.00% - Score 0 goal in Penalty Kill
Heat - 2 on 3 Attempt(s) - 66.67% - Score 0 goal in Penalty Kill

Team Stat

Wild - Hits : 23 - Faceoff Wins : 32 - Blocked Shots : 9 - Penalty Minutes : 54
Heat - Hits : 30 - Faceoff Wins : 20 - Blocked Shots : 11 - Penalty Minutes : 66

Official

Referees : Unknown
Linesman : Unknown

Game Notes

Tyson Strachan and Colin Stuart fight to a draw at 10:17 of 1st period
Konrad Abeltshauser beats up Jon Landry at 0:16 of 2nd period
Mike Moore beats up Tyler Wotherspoon at 3:16 of 2nd period
Petter Granberg beats up Francis Wathier at 4:31 of 2nd period
Petter Granberg and Jon Landry fight to a draw at 11:46 of 2nd period
Tyler Wotherspoon and Mike Moore fight to a draw at 12:36 of 2nd period
Colin Stuart beats up Tyson Strachan at 13:18 of 2nd period
Jon Landry beats up Tyson Strachan at 3:23 of 3rd period
Tyson Strachan ejected from game at 3:23 of 3rd period
Jon Landry ejected from game at 3:23 of 3rd period

Finance

Level 1 -- Attendance: 1562 (78.10%) -- Ticket Income $46,860
Level 2 -- Attendance: 776 (77.60%) -- Ticket Income $7,760
Total Attendance: 2338 (77.93%)
Total Ticket Income: $54,620
Other Income: $26,764
Total Income: $81,384

Wild

5 vs 5 Forward 
   Center                   Left Wing                Right Wing               Time % Phy DF OF 
 1 David Wolf               Colin Stuart             Micheal Haley            35     1   2  2  
 2 Mark Van Guilder         Dan Catenacci            Michael Keranen          30     1   2  2  
 3 Alex Friesen             Henri Ikonen             Danny Hobbs              22     1   2  2  
 4 Devin Shore              Francis Wathier          Garrett Mitchell         13     1   2  2  

5 vs 5 Defense 
   Defense                  Defense                                           Time % Phy DF OF 
 1 Chris Summers            Mike Moore                                        35     1   2  2  
 2 Jerome Leduc             Steve Eminger                                     30     1   2  2  
 3 Jon Landry               Julius Honka                                      22     1   2  2  
 4 Jon Landry               Steve Eminger                                     13     1   2  2  

PowerPlay Forward 
   Center                   Left Wing                Right Wing               Time % Phy DF OF 
 1 Mark Van Guilder         David Wolf               Micheal Haley            60     1   2  2  
 2 Dan Catenacci            Francis Wathier          Michael Keranen          40     1   2  2  

PowerPlay Defense
   Defense                  Defense                                           Time % Phy DF OF 
 1 Mike Moore               Steve Eminger                                     60     1   2  2  
 2 Jon Landry               Chris Summers                                     40     1   2  2  

Penalty Kill 4 Players Forward 
   Center                   Wing                     Time % Phy DF OF 
 1 Mark Van Guilder         David Wolf               60     1   2  2  
 2 Micheal Haley            Dan Catenacci            40     1   2  2  

Penalty Kill 4 Players Defense
   Defense                  Defense                  Time % Phy DF OF 
 1 Mike Moore               Steve Eminger            60     1   2  2  
 2 Jon Landry               Chris Summers            40     1   2  2  

Penalty Kill - 3 Players Forward 
   Forward                                           Time % Phy DF OF 
 1 Mark Van Guilder                                  60     1   2  2  
 2 David Wolf                                        40     1   2  2  

Penalty Kill - 3 Players Defense
   Defense                  Defense                  Time % Phy DF OF 
 1 Mike Moore               Steve Eminger            60     1   2  2  
 2 Jon Landry               Chris Summers            40     1   2  2  

4 vs 4 Forward 
   Center                   Wing                     Time % Phy DF OF 
 1 Mark Van Guilder         David Wolf               60     1   2  2  
 2 Micheal Haley            Dan Catenacci            40     1   2  2  

4 vs 4 Defense
   Defense                  Defense                  Time % Phy DF OF 
 1 Jerome Leduc             Steve Eminger            60     1   2  2  
 2 Jon Landry               Chris Summers            40     1   2  2  

Last Minutes Offensive
   Center                   Left Wing                Right Wing               Defense                  Defense                  
   Mark Van Guilder         David Wolf               Micheal Haley            Jon Landry               Steve Eminger            

Last Minutes Defensive
   Center                   Left Wing                Right Wing               Defense                  Defense                  
   Mark Van Guilder         David Wolf               Micheal Haley            Jon Landry               Steve Eminger            

Goaltenders
Starting : Jussi Olkinuora          
Backup : Jordan Binnington        

Extra Forwards
Normal : Alex Friesen, Henri Ikonen, Devin Shore - PP : Alex Friesen, Henri Ikonen - PK : Devin Shore
Extra Defensemen
Normal : Mike Moore, Jerome Leduc, Jon Landry - PP : Mike Moore - PK : Jerome Leduc, Jon Landry
Penalty Shots
Mark Van Guilder, David Wolf, Micheal Haley, Dan Catenacci, Alex Friesen

Heat

5 vs 5 Forward 
   Center                   Left Wing                Right Wing               Time % Phy DF OF 
 1 Johan Larsson            Lucas Lessio             Andre Burakovsky         30     0   1  4  
 2 Matt Ellis               Stephane Veilleux        Seth Griffith            25     0   1  4  
 3 Max Reinhart             Michael Ferland          Michael Ryder            25     1   1  3  
 4 Tyler Pitlick            Eric Boulton             Simon Gagne              20     1   2  2  

5 vs 5 Defense 
   Defense                  Defense                                           Time % Phy DF OF 
 1 Jason Garrison           Tyson Strachan                                    35     1   2  2  
 2 Konrad Abeltshauser      Tyler Wotherspoon                                 30     1   2  2  
 3 Petter Granberg          Corey Potter                                      25     1   2  2  
 4 Jason Garrison           Konrad Abeltshauser                               10     1   2  2  

PowerPlay Forward 
   Center                   Left Wing                Right Wing               Time % Phy DF OF 
 1 Johan Larsson            Lucas Lessio             Andre Burakovsky         50     0   0  5  
 2 Matt Ellis               Stephane Veilleux        Seth Griffith            50     0   0  5  

PowerPlay Defense
   Defense                  Defense                                           Time % Phy DF OF 
 1 Jason Garrison           Corey Potter                                      50     0   0  5  
 2 Petter Granberg          Tyson Strachan                                    50     0   0  5  

Penalty Kill 4 Players Forward 
   Center                   Wing                     Time % Phy DF OF 
 1 Tyler Pitlick            Simon Gagne              50     0   5  0  
 2 Max Reinhart             Michael Ryder            50     0   5  0  

Penalty Kill 4 Players Defense
   Defense                  Defense                  Time % Phy DF OF 
 1 Tyler Wotherspoon        Tyson Strachan           50     0   5  0  
 2 Jason Garrison           Konrad Abeltshauser      50     0   5  0  

Penalty Kill - 3 Players Forward 
   Forward                                           Time % Phy DF OF 
 1 Tyler Pitlick                                     50     0   5  0  
 2 Max Reinhart                                      50     0   5  0  

Penalty Kill - 3 Players Defense
   Defense                  Defense                  Time % Phy DF OF 
 1 Jason Garrison           Konrad Abeltshauser      50     0   5  0  
 2 Tyler Wotherspoon        Tyson Strachan           50     0   5  0  

4 vs 4 Forward 
   Center                   Wing                     Time % Phy DF OF 
 1 Matt Ellis               Andre Burakovsky         50     1   2  2  
 2 Johan Larsson            Seth Griffith            50     1   2  2  

4 vs 4 Defense
   Defense                  Defense                  Time % Phy DF OF 
 1 Jason Garrison           Petter Granberg          50     1   2  2  
 2 Corey Potter             Tyson Strachan           50     1   2  2  

Last Minutes Offensive
   Center                   Left Wing                Right Wing               Defense                  Defense                  
   Johan Larsson            Lucas Lessio             Andre Burakovsky         Jason Garrison           Corey Potter             

Last Minutes Defensive
   Center                   Left Wing                Right Wing               Defense                  Defense                  
   Matt Ellis               Stephane Veilleux        Simon Gagne              Jason Garrison           Tyson Strachan           

Goaltenders
Starting : Michael Leighton         
Backup : Andrei Vasilevskiy       

Extra Forwards
Normal : Michael Ryder, Michael Ferland, Simon Gagne - PP : Michael Ryder, Michael Ferland - PK : Michael Ferland
Extra Defensemen
Normal : Petter Granberg, Corey Potter, Tyler Wotherspoon - PP : Petter Granberg - PK : Corey Potter, Tyler Wotherspoon
Penalty Shots
Michael Ryder, Lucas Lessio, Max Reinhart, Andre Burakovsky, Johan Larsson

% Time on Ice - Wild

Lines # - Real PCT - Wanted PCT - Time Play
Normal Forward
1 - 30% - 35% - 15:04
2 - 25% - 30% - 12:33
3 - 26% - 22% - 13:15
4 - 20% - 13% - 9:56
Normal Defense
1 - 25% - 35% - 12:42
2 - 23% - 30% - 11:47
3 - 31% - 22% - 15:49
4 - 21% - 13% - 10:30
PP Forward
1 - 50% - 60% - 2:36
2 - 50% - 40% - 2:38
PP Defense
1 - 48% - 60% - 2:31
2 - 52% - 40% - 2:43
PK Forward
1 - 76% - 60% - 3:01
2 - 24% - 40% - 0:57
PK Defense
1 - 82% - 60% - 3:16
2 - 18% - 40% - 0:42
PK3 Forward
1 - 0% - 60%
2 - 0% - 40%
PK3 Defense
1 - 0% - 60%
2 - 0% - 40%
44 Forward
1 - 92% - 60% - 4:36
2 - 8% - 40% - 0:24
44 Defense
1 - 52% - 60% - 2:35
2 - 48% - 40% - 2:25
Last Minute Offensive  - 0:00
Last Minute Defensive  - 0:00
Total
Forward - 65:00
Defense - 65:00

% Time on Ice - Heat

Lines # - Real PCT - Wanted PCT - Time Play
Normal Forward
1 - 29% - 30% - 14:40
2 - 25% - 25% - 12:32
3 - 24% - 25% - 12:22
4 - 22% - 20% - 11:14
Normal Defense
1 - 45% - 35% - 22:59
2 - 29% - 30% - 14:47
3 - 20% - 25% - 10:04
4 - 6% - 10% - 2:58
PP Forward
1 - 53% - 50% - 2:06
2 - 47% - 50% - 1:52
PP Defense
1 - 49% - 50% - 1:56
2 - 51% - 50% - 2:02
PK Forward
1 - 48% - 50% - 2:31
2 - 52% - 50% - 2:43
PK Defense
1 - 82% - 50% - 4:16
2 - 18% - 50% - 0:58
PK3 Forward
1 - 0% - 50%
2 - 0% - 50%
PK3 Defense
1 - 0% - 50%
2 - 0% - 50%
44 Forward
1 - 48% - 50% - 2:25
2 - 52% - 50% - 2:35
44 Defense
1 - 41% - 50% - 2:02
2 - 59% - 50% - 2:58
Last Minute Offensive  - 0:00
Last Minute Defensive  - 0:00
Total
Forward - 65:00
Defense - 65:00

Play by Play

1st period


0:01 of 1st period - Johan Larsson wins face-off versus David Wolf in neutral zone.
0:26 of 1st period - Snap shot by David Wolf.
0:26 of 1st period - Shot Blocked by Tyson Strachan.
1:44 of 1st period - Tyson Strachan is hit by Jon Landry.
1:51 of 1st period - Minor Penalty to Steve Eminger for Hooking.
1:52 of 1st period - Mark Van Guilder wins face-off versus Johan Larsson in Wild zone.
1:52 of 1st period - Mark Van Guilder is hit by Andre Burakovsky.
2:14 of 1st period - Mike Moore is hit by Petter Granberg and loses puck.
2:46 of 1st period - Mike Moore is hit by Stephane Veilleux and loses puck.
3:01 of 1st period - Jon Landry is hit by Corey Potter and loses puck.
3:13 of 1st period - Icing by Petter Granberg.
3:14 of 1st period - Micheal Haley wins face-off versus Johan Larsson in Heat zone.
3:51 of 1st period - Penalty to Steve Eminger is over, Steve Eminger is back on ice.
4:24 of 1st period - Konrad Abeltshauser is hit by Garrett Mitchell and loses puck.
4:33 of 1st period - Slapshot by Tyler Wotherspoon.
4:33 of 1st period - Stopped by Jussi Olkinuora with a rebound.
4:39 of 1st period - Eric Boulton is hit by Francis Wathier.
5:35 of 1st period - Colin Stuart is hit by Lucas Lessio and loses puck.
5:46 of 1st period - Snap shot by David Wolf.
5:46 of 1st period - Shot Misses the Net.
5:59 of 1st period - Off-side.
6:00 of 1st period - Mark Van Guilder wins face-off versus Matt Ellis in neutral zone.
6:07 of 1st period - Snap shot by Seth Griffith.
6:07 of 1st period - Stopped by Jussi Olkinuora with a rebound.
6:09 of 1st period - Snap shot by Matt Ellis.
6:09 of 1st period - Stopped by Jussi Olkinuora with a rebound.
6:11 of 1st period - Wrist shot by Matt Ellis.
6:11 of 1st period - Shot Misses the Net.
6:13 of 1st period - Slapshot by Konrad Abeltshauser.
6:13 of 1st period - Stopped by Jussi Olkinuora with a rebound.
6:27 of 1st period - Wrist shot by Stephane Veilleux.
6:27 of 1st period - Shot Blocked by Chris Summers.
6:29 of 1st period - Slapshot by Konrad Abeltshauser.
6:29 of 1st period - Stopped by Jussi Olkinuora without a rebound.
6:30 of 1st period - Francis Wathier wins face-off versus Tyler Pitlick in Wild zone.
6:48 of 1st period - Snap shot by Simon Gagne.
6:48 of 1st period - Shot Misses the Net.
7:27 of 1st period - Slapshot by Julius Honka.
7:27 of 1st period - Shot Misses the Net.
7:29 of 1st period - Slapshot by Jon Landry.
7:29 of 1st period - Stopped by Michael Leighton without a rebound.
7:30 of 1st period - Alex Friesen wins face-off versus Johan Larsson in Heat zone.
7:31 of 1st period - Wrist shot by Danny Hobbs.
7:31 of 1st period - Stopped by Michael Leighton with a rebound.
7:43 of 1st period - Wrist shot by Danny Hobbs.
7:43 of 1st period - Shot Misses the Net.
7:45 of 1st period - Slapshot by Julius Honka.
7:45 of 1st period - Deflect By Alex Friesen.
7:45 of 1st period - Stopped by Michael Leighton with a rebound.
9:17 of 1st period - Konrad Abeltshauser is hit by Dan Catenacci and loses puck.
9:36 of 1st period - Slapshot by Michael Keranen.
9:36 of 1st period - Shot Blocked by Matt Ellis.
10:00 of 1st period - Wrist shot by Devin Shore.
10:00 of 1st period - Shot Misses the Net.
10:02 of 1st period - Slapshot by Devin Shore.
10:02 of 1st period - Stopped by Michael Leighton without a rebound.
10:03 of 1st period - David Wolf wins face-off versus Johan Larsson in Heat zone.
10:17 of 1st period - Tyson Strachan and Colin Stuart fight to a draw.
10:17 of 1st period - Penalty to Tyson Strachan for Fighting.
10:17 of 1st period - Penalty to Colin Stuart for Fighting.
10:18 of 1st period - Mark Van Guilder wins face-off versus Johan Larsson in Wild zone.
10:47 of 1st period - Snap shot by Dan Catenacci.
10:47 of 1st period - Shot Hit the Post.
10:49 of 1st period - Slapshot by Steve Eminger.
10:49 of 1st period - Stopped by Michael Leighton with a rebound.
10:51 of 1st period - Slapshot by Steve Eminger.
10:51 of 1st period - Deflect By Dan Catenacci.
10:51 of 1st period - Shot Blocked by Lucas Lessio.
10:51 of 1st period - Puck is out of play.
10:52 of 1st period - David Wolf wins face-off versus Max Reinhart in Heat zone.
11:02 of 1st period - Snap shot by Micheal Haley.
11:02 of 1st period - Deflect By David Wolf.
11:02 of 1st period - Shot Blocked by Michael Ryder.
11:02 of 1st period - Puck is out of play.
11:03 of 1st period - Alex Friesen wins face-off versus Max Reinhart in Heat zone.
11:08 of 1st period - Backhand shot by David Wolf.
11:08 of 1st period - Stopped by Michael Leighton with a rebound.
11:48 of 1st period - Michael Ferland is hit by Dan Catenacci and loses puck.
12:05 of 1st period - Wrist shot by Dan Catenacci.
12:05 of 1st period - Stopped by Michael Leighton with a rebound.
12:17 of 1st period - Snap shot by Michael Keranen.
12:17 of 1st period - Shot Blocked by Corey Potter.
13:00 of 1st period - Snap shot by Andre Burakovsky.
13:00 of 1st period - Shot Misses the Net.
13:14 of 1st period - Jerome Leduc is hit by Tyler Wotherspoon and loses puck.
16:07 of 1st period - Max Reinhart is hit by David Wolf and loses puck.
16:33 of 1st period - Colin Stuart is hit by Max Reinhart and loses puck.
16:58 of 1st period - Snap shot by Garrett Mitchell.
16:58 of 1st period - Stopped by Michael Leighton with a rebound.
17:00 of 1st period - Snap shot by Devin Shore.
17:00 of 1st period - Shot Blocked by Jason Garrison.
17:02 of 1st period - Slapshot by Mike Moore.
17:02 of 1st period - Shot Blocked by Lucas Lessio.
17:20 of 1st period - Tyson Strachan is hit by Mike Moore and loses puck.
17:32 of 1st period - Snap shot by Michael Keranen.
17:32 of 1st period - Shot Misses the Net.
17:34 of 1st period - Snap shot by Michael Keranen.
17:34 of 1st period - Stopped by Michael Leighton with a rebound.
18:02 of 1st period - Wrist shot by Tyler Pitlick.
18:02 of 1st period - Shot Misses the Net.
18:08 of 1st period - Backhand shot by Eric Boulton.
18:08 of 1st period - Deflect By Tyler Pitlick.
18:08 of 1st period - Stopped by Jussi Olkinuora without a rebound.
18:09 of 1st period - Matt Ellis wins face-off versus Devin Shore in Wild zone.
18:48 of 1st period - Michael Keranen is hit by Tyler Pitlick and loses puck.
19:53 of 1st period - Wrist shot by Matt Ellis.
19:53 of 1st period - Shot Misses the Net.
Goals for this period are 0 for Wild vs 0 for Heat.
Shots for this period are 9 for Wild vs 6 for Heat.

2nd period


0:01 of 2nd period - David Wolf wins face-off versus Johan Larsson in neutral zone.
0:09 of 2nd period - Off-side.
0:10 of 2nd period - David Wolf wins face-off versus Johan Larsson in neutral zone.
0:16 of 2nd period - Konrad Abeltshauser beats up Jon Landry.
0:16 of 2nd period - Penalty to Konrad Abeltshauser for Fighting.
0:16 of 2nd period - Penalty to Jon Landry for Fighting.
0:17 of 2nd period - David Wolf wins face-off versus Johan Larsson in Wild zone.
0:24 of 2nd period - Snap shot by David Wolf.
0:24 of 2nd period - Shot Misses the Net.
1:09 of 2nd period - Dan Catenacci is hit by Jason Garrison and loses puck.
1:24 of 2nd period - Jason Garrison is hit by Dan Catenacci and loses puck.
1:33 of 2nd period - Steve Eminger is hit by Jason Garrison.
3:08 of 2nd period - Petter Granberg is hit by Danny Hobbs and loses puck.
3:16 of 2nd period - Mike Moore beats up Tyler Wotherspoon.
3:16 of 2nd period - Penalty to Tyler Wotherspoon for Fighting.
3:16 of 2nd period - Penalty to Mike Moore for Fighting.
3:17 of 2nd period - Johan Larsson wins face-off versus David Wolf in neutral zone.
4:09 of 2nd period - Slapshot by Michael Ryder.
4:09 of 2nd period - Goal by Michael Ryder - Wild : 0 - Heat : 1.
4:10 of 2nd period - Mark Van Guilder wins face-off versus Tyler Pitlick in neutral zone.
4:30 of 2nd period - Wrist shot by Dan Catenacci.
4:30 of 2nd period - Stopped by Michael Leighton without a rebound.
4:31 of 2nd period - Matt Ellis wins face-off versus Devin Shore in Heat zone.
4:31 of 2nd period - Petter Granberg beats up Francis Wathier.
4:31 of 2nd period - Penalty to Petter Granberg for Fighting.
4:31 of 2nd period - Penalty to Francis Wathier for Fighting.
4:32 of 2nd period - Mark Van Guilder wins face-off versus Matt Ellis in Heat zone.
4:49 of 2nd period - Snap shot by Michael Keranen.
4:49 of 2nd period - Shot Misses the Net.
5:06 of 2nd period - Slapshot by Jerome Leduc.
5:06 of 2nd period - Deflect By Jason Garrison.
5:06 of 2nd period - Stopped by Michael Leighton without a rebound.
5:07 of 2nd period - David Wolf wins face-off versus Max Reinhart in Heat zone.
5:12 of 2nd period - Slapshot by Colin Stuart.
5:12 of 2nd period - Deflect By Micheal Haley.
5:12 of 2nd period - Shot Misses the Net.
5:12 of 2nd period - Puck is out of play.
5:13 of 2nd period - David Wolf wins face-off versus Max Reinhart in Heat zone.
5:14 of 2nd period - Snap shot by Micheal Haley.
5:14 of 2nd period - Stopped by Michael Leighton with a rebound.
5:36 of 2nd period - Snap shot by Colin Stuart.
5:36 of 2nd period - Stopped by Michael Leighton with a rebound.
5:38 of 2nd period - Snap shot by David Wolf.
5:38 of 2nd period - Deflect By Michael Ryder.
5:38 of 2nd period - Shot Misses the Net.
5:38 of 2nd period - Puck is out of play.
5:39 of 2nd period - Mark Van Guilder wins face-off versus Johan Larsson in Heat zone.
5:59 of 2nd period - Minor Penalty to Corey Potter for Hooking.
6:00 of 2nd period - Mark Van Guilder wins face-off versus Tyler Pitlick in Heat zone.
6:02 of 2nd period - Wrist shot by Micheal Haley.
6:02 of 2nd period - Stopped by Michael Leighton without a rebound.
6:03 of 2nd period - Mark Van Guilder wins face-off versus Tyler Pitlick in Heat zone.
7:06 of 2nd period - Michael Ryder is hit by Dan Catenacci and loses puck.
7:11 of 2nd period - Snap shot by Dan Catenacci.
7:11 of 2nd period - Shot Blocked by Michael Ryder.
7:13 of 2nd period - Snap shot by Dan Catenacci.
7:13 of 2nd period - Stopped by Michael Leighton with a rebound.
7:15 of 2nd period - Snap shot by Dan Catenacci.
7:15 of 2nd period - Goal by Dan Catenacci - Wild : 1 - Heat : 1.
7:16 of 2nd period - Johan Larsson wins face-off versus Devin Shore in neutral zone.
7:45 of 2nd period - Jerome Leduc is hit by Corey Potter and loses puck.
8:22 of 2nd period - David Wolf is hit by Tyler Pitlick and loses puck.
8:43 of 2nd period - Micheal Haley is hit by Konrad Abeltshauser.
8:53 of 2nd period - Wrist shot by Michael Ferland.
8:53 of 2nd period - Stopped by Jussi Olkinuora with a rebound.
8:55 of 2nd period - Slapshot by Jason Garrison.
8:55 of 2nd period - Deflect By Dan Catenacci.
8:55 of 2nd period - Stopped by Jussi Olkinuora without a rebound.
8:56 of 2nd period - Max Reinhart wins face-off versus Mark Van Guilder in Wild zone.
9:33 of 2nd period - Matt Ellis is hit by Mike Moore and loses puck.
10:05 of 2nd period - Chris Summers is hit by Petter Granberg and loses puck.
10:18 of 2nd period - Wrist shot by Andre Burakovsky.
10:18 of 2nd period - Stopped by Jussi Olkinuora without a rebound.
10:19 of 2nd period - Johan Larsson wins face-off versus David Wolf in Wild zone.
10:34 of 2nd period - Wrist shot by David Wolf.
10:34 of 2nd period - Shot Blocked by Konrad Abeltshauser.
11:26 of 2nd period - Snap shot by Tyler Pitlick.
11:26 of 2nd period - Deflect By Simon Gagne.
11:26 of 2nd period - Shot Misses the Net.
11:26 of 2nd period - Puck is out of play.
11:27 of 2nd period - Devin Shore wins face-off versus Max Reinhart in Wild zone.
11:27 of 2nd period - Devin Shore is hit by Michael Ryder.
11:36 of 2nd period - Icing by Francis Wathier.
11:37 of 2nd period - Devin Shore wins face-off versus Max Reinhart in Wild zone.
11:37 of 2nd period - Devin Shore is hit by Michael Ferland.
11:46 of 2nd period - Petter Granberg and Jon Landry fight to a draw.
11:46 of 2nd period - Penalty to Petter Granberg for Fighting.
11:46 of 2nd period - Penalty to Jon Landry for Fighting.
11:47 of 2nd period - Micheal Haley wins face-off versus Matt Ellis in Wild zone.
11:52 of 2nd period - Jerome Leduc is hit by Stephane Veilleux and loses puck.
12:17 of 2nd period - Slapshot by Seth Griffith.
12:17 of 2nd period - Shot Misses the Net.
12:19 of 2nd period - Slapshot by Jason Garrison.
12:19 of 2nd period - Shot Misses the Net.
12:21 of 2nd period - Snap shot by Matt Ellis.
12:21 of 2nd period - Stopped by Jussi Olkinuora with a rebound.
12:23 of 2nd period - Wrist shot by Seth Griffith.
12:23 of 2nd period - Stopped by Jussi Olkinuora without a rebound.
12:24 of 2nd period - Mark Van Guilder wins face-off versus Max Reinhart in Wild zone.
12:36 of 2nd period - Tyler Wotherspoon and Mike Moore fight to a draw.
12:36 of 2nd period - Penalty to Tyler Wotherspoon for Fighting.
12:36 of 2nd period - Penalty to Mike Moore for Fighting.
12:37 of 2nd period - David Wolf wins face-off versus Johan Larsson in Wild zone.
12:37 of 2nd period - David Wolf is hit by Tyson Strachan.
12:44 of 2nd period - Off-side.
12:45 of 2nd period - Andre Burakovsky wins face-off versus David Wolf in neutral zone.
13:05 of 2nd period - Wrist shot by Johan Larsson.
13:05 of 2nd period - Shot Misses the Net.
13:17 of 2nd period - Slapshot by Johan Larsson.
13:17 of 2nd period - Shot Hit the Post.
13:18 of 2nd period - Colin Stuart beats up Tyson Strachan.
13:18 of 2nd period - Penalty to Tyson Strachan for Fighting.
13:18 of 2nd period - Penalty to Colin Stuart for Fighting.
13:19 of 2nd period - Mark Van Guilder wins face-off versus Tyler Pitlick in Wild zone.
13:50 of 2nd period - Slapshot by Jason Garrison.
13:50 of 2nd period - Deflect By Tyler Pitlick.
13:50 of 2nd period - Stopped by Jussi Olkinuora with a rebound.
14:31 of 2nd period - Snap shot by Micheal Haley.
14:31 of 2nd period - Shot Misses the Net.
14:33 of 2nd period - Slapshot by Julius Honka.
14:33 of 2nd period - Stopped by Michael Leighton with a rebound.
14:35 of 2nd period - Slapshot by Julius Honka.
14:35 of 2nd period - Stopped by Michael Leighton with a rebound.
14:37 of 2nd period - Snap shot by David Wolf.
14:37 of 2nd period - Shot Misses the Net.
14:39 of 2nd period - Slapshot by Chris Summers.
14:39 of 2nd period - Shot Hit the Post.
14:41 of 2nd period - Wrist shot by David Wolf.
14:41 of 2nd period - Stopped by Michael Leighton without a rebound.
14:42 of 2nd period - Max Reinhart wins face-off versus Devin Shore in Heat zone.
14:44 of 2nd period - Minor Penalty to Max Reinhart for Slashing.
14:45 of 2nd period - Michael Ferland wins face-off versus Mark Van Guilder in Heat zone.
15:50 of 2nd period - Mark Van Guilder is hit by Corey Potter and loses puck.
16:44 of 2nd period - Penalty to Max Reinhart is over, Max Reinhart is back on ice.
16:44 of 2nd period - Slapshot by Micheal Haley.
16:44 of 2nd period - Shot Misses the Net.
16:46 of 2nd period - Wrist shot by Micheal Haley.
16:46 of 2nd period - Stopped by Michael Leighton without a rebound.
16:47 of 2nd period - Mark Van Guilder wins face-off versus Johan Larsson in Heat zone.
17:04 of 2nd period - Snap shot by Andre Burakovsky.
17:04 of 2nd period - Stopped by Jussi Olkinuora without a rebound.
17:05 of 2nd period - Johan Larsson wins face-off versus Alex Friesen in Wild zone.
18:33 of 2nd period - Michael Ryder is hit by Micheal Haley and loses puck.
19:10 of 2nd period - Slapshot by Dan Catenacci.
19:10 of 2nd period - Stopped by Michael Leighton without a rebound.
19:11 of 2nd period - Simon Gagne wins face-off versus Alex Friesen in Heat zone.
19:36 of 2nd period - Julius Honka is hit by Tyler Pitlick and loses puck.
19:59 of 2nd period - Minor Penalty to Garrett Mitchell for Hooking.
Goals for this period are 1 for Wild vs 1 for Heat.
Shots for this period are 12 for Wild vs 8 for Heat.

3rd period


0:01 of 3rd period - Mark Van Guilder wins face-off versus Seth Griffith in neutral zone.
0:18 of 3rd period - Wrist shot by Seth Griffith.
0:18 of 3rd period - Shot Blocked by David Wolf.
0:20 of 3rd period - Snap shot by Seth Griffith.
0:20 of 3rd period - Shot Misses the Net.
0:22 of 3rd period - Slapshot by Corey Potter.
0:22 of 3rd period - Stopped by Jussi Olkinuora with a rebound.
0:24 of 3rd period - Slapshot by Jason Garrison.
0:24 of 3rd period - Stopped by Jussi Olkinuora with a rebound.
0:26 of 3rd period - Slapshot by Corey Potter.
0:26 of 3rd period - Stopped by Jussi Olkinuora with a rebound.
0:28 of 3rd period - Wrist shot by Matt Ellis.
0:28 of 3rd period - Shot Blocked by Steve Eminger.
0:30 of 3rd period - Wrist shot by Stephane Veilleux.
0:30 of 3rd period - Shot Misses the Net.
1:12 of 3rd period - Mark Van Guilder is hit by Tyson Strachan and loses puck.
1:59 of 3rd period - Penalty to Garrett Mitchell is over, Garrett Mitchell is back on ice.
2:17 of 3rd period - Tyler Wotherspoon is hit by Alex Friesen and loses puck.
3:00 of 3rd period - Icing by Jon Landry.
3:01 of 3rd period - Tyler Pitlick wins face-off versus Devin Shore in Wild zone.
3:06 of 3rd period - Snap shot by Tyler Pitlick.
3:06 of 3rd period - Shot Blocked by Jon Landry.
3:08 of 3rd period - Snap shot by Jason Garrison.
3:08 of 3rd period - Stopped by Jussi Olkinuora with a rebound.
3:23 of 3rd period - Jon Landry beats up Tyson Strachan.
3:23 of 3rd period - Penalty to Tyson Strachan for Fighting.
3:23 of 3rd period - Tyson Strachan is ejected from game.
3:23 of 3rd period - Penalty to Jon Landry for Fighting.
3:23 of 3rd period - Jon Landry is ejected from game.
3:23 of 3rd period - Penalty to Tyson Strachan for instigated a fight.
3:23 of 3rd period - Penalty to Tyson Strachan for instigated a fight.
3:24 of 3rd period - Dan Catenacci wins face-off versus Max Reinhart in neutral zone.
3:27 of 3rd period - Wrist shot by Michael Keranen.
3:27 of 3rd period - Stopped by Michael Leighton with a rebound.
3:29 of 3rd period - Slapshot by Francis Wathier.
3:29 of 3rd period - Deflect By Michael Keranen.
3:29 of 3rd period - Shot Misses the Net.
3:29 of 3rd period - Puck is out of play.
3:30 of 3rd period - Max Reinhart wins face-off versus Dan Catenacci in Heat zone.
3:53 of 3rd period - Wrist shot by Dan Catenacci.
3:53 of 3rd period - Shot Blocked by Corey Potter.
3:55 of 3rd period - Slapshot by Mike Moore.
3:55 of 3rd period - Stopped by Michael Leighton without a rebound.
3:56 of 3rd period - Max Reinhart wins face-off versus Mark Van Guilder in Heat zone.
4:05 of 3rd period - David Wolf is hit by Konrad Abeltshauser and loses puck.
4:10 of 3rd period - Slapshot by Jason Garrison.
4:10 of 3rd period - Shot Blocked by Mike Moore.
4:26 of 3rd period - Wrist shot by Michael Ryder.
4:26 of 3rd period - Shot Misses the Net.
4:28 of 3rd period - Slapshot by Konrad Abeltshauser.
4:28 of 3rd period - Deflect By Michael Ryder.
4:28 of 3rd period - Shot Blocked by Mark Van Guilder.
4:28 of 3rd period - Puck is out of play.
4:29 of 3rd period - Tyler Pitlick wins face-off versus Dan Catenacci in Wild zone.
5:23 of 3rd period - Penalty to Tyson Strachan is over, Michael Ferland is send on ice.
6:36 of 3rd period - Jerome Leduc is hit by Lucas Lessio and loses puck.
6:55 of 3rd period - Snap shot by Devin Shore.
6:55 of 3rd period - Shot Misses the Net.
7:05 of 3rd period - Julius Honka is hit by Stephane Veilleux and loses puck.
7:22 of 3rd period - Wrist shot by David Wolf.
7:22 of 3rd period - Stopped by Michael Leighton with a rebound.
7:49 of 3rd period - Wrist shot by Michael Ryder.
7:49 of 3rd period - Shot Misses the Net.
7:55 of 3rd period - Konrad Abeltshauser is hit by Mike Moore and loses puck.
8:10 of 3rd period - Slapshot by Alex Friesen.
8:10 of 3rd period - Stopped by Michael Leighton with a rebound.
8:12 of 3rd period - Slapshot by Jerome Leduc.
8:12 of 3rd period - Deflect By Michael Ryder.
8:12 of 3rd period - Stopped by Michael Leighton without a rebound.
8:13 of 3rd period - Tyler Pitlick wins face-off versus Alex Friesen in Heat zone.
8:18 of 3rd period - Henri Ikonen is hit by Corey Potter and loses puck.
8:41 of 3rd period - Francis Wathier is hit by Eric Boulton and loses puck.
9:05 of 3rd period - Jason Garrison is hit by Francis Wathier and loses puck.
10:07 of 3rd period - Snap shot by Matt Ellis.
10:07 of 3rd period - Shot Blocked by Mike Moore.
10:13 of 3rd period - Matt Ellis is hit by Mike Moore.
10:23 of 3rd period - Snap shot by Matt Ellis.
10:23 of 3rd period - Stopped by Jussi Olkinuora with a rebound.
10:25 of 3rd period - Wrist shot by Konrad Abeltshauser.
10:25 of 3rd period - Stopped by Jussi Olkinuora with a rebound.
11:13 of 3rd period - Snap shot by Alex Friesen.
11:13 of 3rd period - Shot Misses the Net.
12:12 of 3rd period - Seth Griffith is hit by Micheal Haley and loses puck.
12:40 of 3rd period - Micheal Haley is hit by Tyler Pitlick and loses puck.
12:49 of 3rd period - Corey Potter is hit by David Wolf and loses puck.
13:09 of 3rd period - Tyler Wotherspoon is hit by Michael Keranen.
13:58 of 3rd period - Danny Hobbs is hit by Jason Garrison.
14:08 of 3rd period - Slapshot by Alex Friesen.
14:08 of 3rd period - Stopped by Michael Leighton without a rebound.
14:09 of 3rd period - Alex Friesen wins face-off versus Seth Griffith in Heat zone.
14:54 of 3rd period - Devin Shore is hit by Tyler Wotherspoon and loses puck.
14:59 of 3rd period - Wrist shot by Johan Larsson.
14:59 of 3rd period - Shot Blocked by Jerome Leduc.
15:01 of 3rd period - Snap shot by Jason Garrison.
15:01 of 3rd period - Shot Misses the Net.
15:09 of 3rd period - Slapshot by Andre Burakovsky.
15:09 of 3rd period - Shot Misses the Net.
15:25 of 3rd period - Slapshot by Michael Ferland.
15:25 of 3rd period - Shot Misses the Net.
15:27 of 3rd period - Slapshot by Konrad Abeltshauser.
15:27 of 3rd period - Stopped by Jussi Olkinuora without a rebound.
15:28 of 3rd period - David Wolf wins face-off versus Max Reinhart in Wild zone.
15:33 of 3rd period - Corey Potter is hit by Colin Stuart and loses puck.
15:44 of 3rd period - Colin Stuart is hit by Max Reinhart and loses puck.
15:57 of 3rd period - Stephane Veilleux is hit by Colin Stuart.
16:59 of 3rd period - Wrist shot by Johan Larsson.
16:59 of 3rd period - Shot Misses the Net.
18:05 of 3rd period - Lucas Lessio is hit by Alex Friesen.
18:23 of 3rd period - 10 Minutes Misconduct Penalty to Tyson Strachan is over.
Goals for this period are 0 for Wild vs 0 for Heat.
Shots for this period are 6 for Wild vs 7 for Heat.

Overtime #1


0:01 of 1st overtime period - Mark Van Guilder wins face-off versus Matt Ellis in neutral zone.
0:05 of 1st overtime period - Snap shot by Steve Eminger.
0:05 of 1st overtime period - Stopped by Michael Leighton with a rebound.
1:05 of 1st overtime period - Snap shot by Seth Griffith.
1:05 of 1st overtime period - Stopped by Jussi Olkinuora without a rebound.
1:06 of 1st overtime period - Johan Larsson wins face-off versus Mark Van Guilder in Wild zone.
1:07 of 1st overtime period - Snap shot by Seth Griffith.
1:07 of 1st overtime period - Stopped by Jussi Olkinuora with a rebound.
1:09 of 1st overtime period - Backhand shot by Corey Potter.
1:09 of 1st overtime period - Stopped by Jussi Olkinuora with a rebound.
1:11 of 1st overtime period - Slapshot by Corey Potter.
1:11 of 1st overtime period - Stopped by Jussi Olkinuora with a rebound.
1:13 of 1st overtime period - Snap shot by Seth Griffith.
1:13 of 1st overtime period - Stopped by Jussi Olkinuora with a rebound.
1:31 of 1st overtime period - Wrist shot by Seth Griffith.
1:31 of 1st overtime period - Shot Blocked by Mike Moore.
2:12 of 1st overtime period - Wrist shot by Johan Larsson.
2:12 of 1st overtime period - Stopped by Jussi Olkinuora without a rebound.
2:13 of 1st overtime period - Johan Larsson wins face-off versus Micheal Haley in Wild zone.
2:16 of 1st overtime period - Wrist shot by Seth Griffith.
2:16 of 1st overtime period - Stopped by Jussi Olkinuora with a rebound.
2:32 of 1st overtime period - Slapshot by Dan Catenacci.
2:32 of 1st overtime period - Shot Blocked by Jason Garrison.
2:34 of 1st overtime period - Slapshot by Jerome Leduc.
2:34 of 1st overtime period - Stopped by Michael Leighton with a rebound.
2:36 of 1st overtime period - Slapshot by Steve Eminger.
2:36 of 1st overtime period - Stopped by Michael Leighton without a rebound.
2:37 of 1st overtime period - Matt Ellis wins face-off versus Alex Friesen in Heat zone.
3:19 of 1st overtime period - Wrist shot by Matt Ellis.
3:19 of 1st overtime period - Shot Misses the Net.
3:29 of 1st overtime period - Jason Garrison is hit by Alex Friesen.
4:25 of 1st overtime period - Wrist shot by Johan Larsson.
4:25 of 1st overtime period - Deflect By Seth Griffith.
4:25 of 1st overtime period - Shot Misses the Net.
4:25 of 1st overtime period - Puck is out of play.
4:26 of 1st overtime period - Mark Van Guilder wins face-off versus Johan Larsson in Wild zone.
Goals for this period are 0 for Wild vs 0 for Heat.
Shots for this period are 3 for Wild vs 7 for Heat.

ShootOut


5:00 of 1st overtime period - Penalty Shot by Mark Van Guilder for Wild.
5:00 of 1st overtime period - Deke by Mark Van Guilder.
5:00 of 1st overtime period - Shot Misses the Net.
5:00 of 1st overtime period - Penalty Shot by Michael Ryder for Heat.
5:00 of 1st overtime period - Snap shot by Michael Ryder.
5:00 of 1st overtime period - Goal by Michael Ryder.
5:00 of 1st overtime period - Penalty Shot by David Wolf for Wild.
5:00 of 1st overtime period - Deke by David Wolf.
5:00 of 1st overtime period - Stopped by Michael Leighton.
5:00 of 1st overtime period - Penalty Shot by Lucas Lessio for Heat.
5:00 of 1st overtime period - Backhand shot by Lucas Lessio.
5:00 of 1st overtime period - Goal by Lucas Lessio.